[Event "Elitserien 2019/2020, round 7-9"]
[Site "Elite stadshotellet, Kungsgatan 6, Vaxjo, Sweden"]
[Date "2020.10.17"]
[Round "2.4"]
[White "Moreau, Teodor"]
[Black "Smith, Axel"]
[Result "0-1"]
[TimeControl "90 minutes for 40 moves + 30 minutes for the rest of the game + 30 seconds per move from move one."]
[WhiteTitle "FM"]
[BlackTitle "GM"]
[WhiteFideId "1701177"]
[BlackFideId "1707930"]
[WhiteElo "2342"]
[BlackElo "2469"]

1. d4 e6 2. Nf3 c5 3. c4 cxd4 4. Nxd4 Nf6 5. Nc3 Nc6 6. g3 Qb6 7. Nb3 Ne5 8. e4 Bb4 9. Qe2 d6 10.
f4 Nc6 11. Be3 Bxc3+ 12. bxc3 Qc7 13. Bg2 e5 14. c5 dxc5 15. Nxc5 b6 16. Na6 Qe7 17. f5 Bb7 18. O-O Rc8 19.
Bd2 Qa3 20. Nb4 Nxb4 21. cxb4 Ba6 22. b5 Qc5+ 23. Be3 Qxb5 24. Qxb5+ Bxb5 25. Rfb1 Bd3 26. Rb4 O-O 27. a4 Rfd8 28.
h3 a5 29. Rxb6 Bxe4 30. Rb2 Rd3 31. Bf2 Bxg2 32. Kxg2 h5 33. Raa2 Ne4 34. Be1 Rc1 35. Re2 Nc3 36. Bxc3 Rcxc3 37. Rxe5 Rxg3+ 38. Kf1 Rc1+ 39. Kf2 Rxh3 40. Kg2 Rch1 41. Rf2 Kh7 42. Rxa5 Kh6 43. Ra7 f6 44. Ra8 R1h2+ 45. Kg1 Rxf2 46.
Kxf2 Rc3 47. Rh8+ Kg5 48. Rh7 Rc7 49. Rh8 Ra7 50. Rb8 Kxf5 51. Rb5+ Kg4 52. a5 f5 53. Rb6 f4 54. a6 g5 55.
Kg2 Kh4 56. Kf3 Rf7 57. Rb7 Rf6 58. a7 Ra6 59. Rf7 Ra3+ 60. Ke4 Kg4 61. Kd5 h4 0-1

[Event "Elitserien 2019/2020, round 7-9"]
[Site "Elite stadshotellet, Kungsgatan 6, Vaxjo, Sweden"]
[Date "2020.10.17"]
[Round "2.5"]
[White "Mauritsson, Sebastian"]
[Black "Bellon Lopez, Juan Manuel"]
[Result "1-0"]
[TimeControl "90 minutes for 40 moves + 30 minutes for the rest of the game + 30 seconds per move from move one."]
[WhiteTitle "FM"]
[BlackTitle "GM"]
[WhiteFideId "1707892"]
[BlackFideId "2200031"]
[WhiteElo "2362"]
[BlackElo "2348"]

1. e4 c5 2. Nf3 e6 3. d4 cxd4 4. Nxd4 Nf6 5. Nc3 Nc6 6. Ndb5 Bc5 7. Bf4 O-O 8. Bc7 Qe7 9. Bd6 Bxd6 10.
Qxd6 Qd8 11. Nc7 Rb8 12. Be2 a6 13. a4 Qe7 14. Qxe7 Nxe7 15. e5 Ne8 16. Nxe8 Rxe8 17. f4 d5 18. exd6 Nd5 19. Nxd5 exd5 20.
Kf2 Bf5 21. Rhd1 Bxc2 22. Rxd5 Bb3 23. Rd4 Red8 24. Rc1 Be6 25. Rc7 Kf8 26. Bf3 Rd7 27. Rxd7 Bxd7 28. Rb4 b5 29. a5 Ke8 30.
Re4+ Kf8 31. Rb4 Ke8 32. Ke3 Kd8 33. Kd4 Be6 34. Kc5 Bc4 35. b3 Be6 36. Bc6 f5 37. Rd4 Bxb3 38. Rd3 Bc2 39.
Rg3 g6 40. Rh3 h5 41. Rg3 Be4 42. Rxg6 Bxc6 43. Kxc6 Rc8+ 44. Kb7 Rc1 45. Kxa6 b4 46. Rg8+ Kd7 47. Rb8 Rc4 48. Rb6 Rc6 49.
Ka7 Kxd6 50. Rxb4 Rc2 51. Kb7 Kc5 52. Rb6 Rxg2 53. Rc6+ Kd5 54. a6 Ra2 55. Rh6 Ke4 56. a7 Kxf4 57.
Ra6 Rb2+ 58. Kc7 Rc2+ 59. Kd7 1-0

[Event "Elitserien 2019/2020, round 7-9"]
[Site "Elite stadshotellet, Kungsgatan 6, Vaxjo, Sweden"]
[Date "2020.10.17"]
[Round "2.6"]
[White "Cramling, Dan"]
[Black "Jogstad, Martin"]
[Result "0-1"]
[TimeControl "90 minutes for 40 moves + 30 minutes for the rest of the game + 30 seconds per move from move one."]
[WhiteTitle "IM"]
[BlackTitle "FM"]
[WhiteFideId "1700162"]
[BlackFideId "1715364"]
[WhiteElo "2296"]
[BlackElo "2302"]

1. c4 c6 2. d4 d5 3. Nc3 Nf6 4. e3 Bf5 5. cxd5 cxd5 6. Qb3 Nc6 7. Qxb7 Bd7 8. Qb3 Rb8 9. Qd1 e5 10.
dxe5 Nxe5 11. Be2 Bd6 12. Nf3 Nxf3+ 13. Bxf3 Qc7 14. h3 O-O 15. O-O Rfd8 16. Qd3 Bh2+ 17. Kh1 Be5 18. Rd1 Ne4 19.
Bxe4 dxe4 20. Qc2 Bf5 21. Bd2 Rd3 22. Be1 Qd7 23. Qa4 Qxa4 24. Nxa4 Bxb2 25. Rab1 Rxd1 26. Rxd1 Ba3 27. Bc3 Be6 28.
Bd4 a5 29. Bc5 Bxc5 30. Nxc5 Bxa2 31. Nxe4 Rb1 32. Nc3 Rxd1+ 33. Nxd1 Bb3 34. Nc3 a4 35. Nb1 Kf8 36. Kg1 Ke7 37.
Kf1 Kd6 38. Ke2 Kc5 39. Kd2 Kb4 40. Kc1 a3 41. Nd2 Kc3 42. Nb1+ Kd3 43. Nxa3 Ke2 44. f4 Kxe3 45. f5 Kf4 46.
Kd2 Bd5 47. g4 Bg2 48. Nc4 Bxh3 49. Nd6 Bxg4 50. f6 gxf6 51. Ke1 h5 52. Kf2 Bf3 53. Nxf7 h4 54. Nh8 Bh5 55. Kg2 Ke5 0-1

[Event "Elitserien 2019/2020, round 7-9"]
[Site "Elite stadshotellet, Kungsgatan 6, Vaxjo, Sweden"]
[Date "2020.10.17"]
[Round "2.7"]
[White "Dragicevic, Drazen"]
[Black "Wernberg, Hugo"]
[Result "1/2-1/2"]
[TimeControl "90 minutes for 40 moves + 30 minutes for the rest of the game + 30 seconds per move from move one."]
[WhiteTitle "FM"]
[BlackTitle "CM"]
[WhiteFideId "1707922"]
[BlackFideId "1737511"]
[WhiteElo "2286"]
[BlackElo "2063"]

1. c4 c5 2. Nf3 Nc6 3. d4 cxd4 4. Nxd4 g6 5. e4 Nf6 6. Nc3 Nxd4 7. Qxd4 d6 8. c5 dxc5 9. Qxc5 b6 10.
Qb4 Bg7 11. Bb5+ Nd7 12. Bc6 O-O 13. Bxa8 Ba6 14. Bd5 Nc5 15. Qa3 Qc8 16. Be3 Qg4 17. f3 Nd3+ 18. Kf1 Nf4+ 19. Qxa6 Qxg2+ 20. Ke1 Qxh1+ 21. Qf1 Qxh2 22. Bxf4 Qxb2 23. Rd1 Bxc3+ 24. Bd2 e6 25. Bb3 Bf6 26. Qe2 Rd8 27. Kf1 Be7 28. Bf4 Qxe2+ 29. Kxe2 Rxd1 30. Bxd1 Bc5 31. Ba4 f6 32. Kd3 Kf7 33. Bb8 a6 34. Bf4 h5 35. Bc6 h4 36. Bb7 a5 37. Bh2 g5 38.
Bc8 Ke7 39. Ke2 Bd4 40. Kf1 Bc5 41. Kg2 b5 42. Kh3 e5 43. Ba6 b4 44. Bb5 Kd6 45. Kg2 Be3 46. Kf1 Kc5 47. Bd7 Kc4 48.
Ke2 Kd4 49. Ba4 Bf4 50. Bg1+ Kc3 51. Bb6 h3 52. Kf1 Kd3 53. Bb5+ Kc3 54. Bxa5 Bd2 55. a3 Kd4 56. Bb6+ Kc3 57.
axb4 Kxb4 58. Bd7 h2 59. Kg2 Bf4 60. Bd8 Kc4 61. Bxf6 Kc5 62. Be7+ Kb6 63. Bd6 Kb7 64. Ba4 Kc8 65.
Bc6 Kd8 66. Kh1 Kc8 67. Kg2 Kd8 68. Bb7 Kd7 69. Bb8 Kd8 70. Bc6 Kc8 71. Bd6 Kd8 72. Kh1 Kc8 73. Bb5 Kd8 74. Bf1 Kd7 75.
Bb4 Kc7 76. Be1 Kd6 77. Bh3 Ke7 78. Bb4+ Kd8 79. Bd6 Ke8 80. Bc7 Ke7 81. Bc8 Ke8 82. Bd6 Kd8 83. Be6 Ke8 84. Bf5 Kd8 85.
Bh3 Ke8 86. Bc5 Kd8 87. Bb6+ Ke7 88. Be3 Bxe3 1/2-1/2

[Event "Elitserien 2019/2020, round 7-9"]
[Site "Elite stadshotellet, Kungsgatan 6, Vaxjo, Sweden"]
[Date "2020.10.17"]
[Round "2.8"]
[White "Nordstrom, Felix"]
[Black "Kucuksari, Kaan"]
[Result "0-1"]
[TimeControl "90 minutes for 40 moves + 30 minutes for the rest of the game + 30 seconds per move from move one."]
[WhiteTitle "FM"]
[BlackTitle "FM"]
[WhiteFideId "1701509"]
[BlackFideId "6380166"]
[WhiteElo "2096"]
[BlackElo "2308"]

1. d4 Nf6 2. c4 e6 3. Nc3 Bb4 4. Qc2 O-O 5. a3 Bxc3+ 6. Qxc3 b6 7. Bg5 Bb7 8. Nf3 d6 9. e3 Nbd7 10.
Nd2 c5 11. dxc5 bxc5 12. Bd3 h6 13. Bxf6 Qxf6 14. Qxf6 Nxf6 15. O-O a5 16. b3 Rfb8 17. Rab1 Bc6 18. Rfc1 Kf8 19. f3 Ke7 20.
Kf2 Rb6 21. Ke2 Rab8 22. h4 Nd7 23. Rc3 Ne5 24. Bc2 f5 25. f4 Ng4 26. e4 g6 27. h5 gxh5 28. exf5 Bxg2 29. fxe6 Rf8 30.
Rg3 Bc6 31. f5 Rg8 32. Rbg1 Rg5 33. Nf3 Bxf3+ 34. Rxf3 Nf6 35. Rfg3 Rg4 36. Kd3 Rb8 37. Bd1 a4 38. bxa4 Rxg3+ 39. Rxg3 Ng4 40. Kc3 Rg8 41.
Kd2 Kf6 42. Rh3 Kg5 43. Rxh5+ Kxh5 44. f6 Kg6 45. Bxg4 Kxf6 46. Bf3 Rg7 47. Bd5 Ra7 48. Kc3 Rxa4 49. Kb3 Ra7 50. a4 h5 51.
Bc6 Kxe6 52. Kc3 h4 53. Kd3 h3 54. Ke3 h2 55. Kf2 Rh7 56. Bh1 Rg7 57. Bg2 Ke5 58. a5 Kd4 59. a6 Ra7 0-1

[Event "Elitserien 2019/2020, round 7-9"]
[Site "Elite stadshotellet, Kungsgatan 6, Vaxjo, Sweden"]
[Date "2020.10.17"]
[Round "2.9"]
[White "Blomqvist, Erik"]
[Black "Hauge, Lars Oskar"]
[Result "1/2-1/2"]
[TimeControl "90 minutes for 40 moves + 30 minutes for the rest of the game + 30 seconds per move from move one."]
[WhiteTitle "GM"]
[BlackTitle "IM"]
[WhiteFideId "1709437"]
[BlackFideId "1509276"]
[WhiteElo "2539"]
[BlackElo "2493"]

1. e4 c5 2. Nf3 d6 3. Bb5+ Bd7 4. Bxd7+ Qxd7 5. c4 g6 6. d4 cxd4 7. Nxd4 Bg7 8. Nc3 Nf6 9. f3 Qc7 10.
b3 Qa5 11. Qd3 Nc6 12. Be3 Nd7 13. Rc1 O-O 14. O-O Bxd4 15. Bxd4 Nde5 16. Qd2 Nxd4 17. Qxd4 Nc6 18. Qf2 Qc5 19.
Rfd1 Rfd8 20. Nd5 Qxf2+ 21. Kxf2 Rac8 22. Rd2 Kf8 23. Rcd1 Rb8 24. f4 Rdc8 25. g4 Nd8 26. f5 f6 27.
h4 b5 28. cxb5 Rxb5 29. Ne3 Nf7 30. Nc4 Ne5 31. Nxe5 1/2-1/2

[Event "Elitserien 2019/2020, round 7-9"]
[Site "Elite stadshotellet, Kungsgatan 6, Vaxjo, Sweden"]
[Date "2020.10.17"]
[Round "2.10"]
[White "Westerberg, Jonathan"]
[Black "Barkhagen, Jonas"]
[Result "1/2-1/2"]
[TimeControl "90 minutes for 40 moves + 30 minutes for the rest of the game + 30 seconds per move from move one."]
[WhiteTitle "IM"]
[BlackTitle "IM"]
[WhiteFideId "1701754"]
[BlackFideId "1700855"]
[WhiteElo "2556"]
[BlackElo "2430"]

1. d4 d5 2. c4 c6 3. cxd5 cxd5 4. Nc3 Nf6 5. Nf3 Nc6 6. Bf4 a6 7. e3 Bg4 8. Be2 Bxf3 9. Bxf3 e6 10.
O-O Bd6 11. Bxd6 Qxd6 12. Na4 O-O 13. Rc1 Rac8 14. Nc5 Rc7 15. Qb3 Rb8 16. Qb6 Ne8 17. Qb3 Na5 18. Qb4 Nc6 19. Qd2 Rbc8 20.
Rc3 Qe7 21. Rfc1 Nd6 22. Nd3 g6 23. a4 Kf8 24. b3 1/2-1/2

[Event "Elitserien 2019/2020, round 7-9"]
[Site "Elite stadshotellet, Kungsgatan 6, Vaxjo, Sweden"]
[Date "2020.10.17"]
[Round "2.11"]
[White "Socko, Bartosz"]
[Black "Seo, Jung Min"]
[Result "1/2-1/2"]
[TimeControl "90 minutes for 40 moves + 30 minutes for the rest of the game + 30 seconds per move from move one."]
[WhiteTitle "GM"]
[BlackTitle "FM"]
[WhiteFideId "1107038"]
[BlackFideId "1734687"]
[WhiteElo "2619"]
[BlackElo "2448"]

1. d4 d5 2. c4 c6 3. Nf3 Nf6 4. Nbd2 g6 5. g3 Bg7 6. Bg2 O-O 7. O-O Bf5 8. b3 Nbd7 9. Bb2 Ne4 10.
Nh4 Nxd2 11. Qxd2 Be6 12. e4 dxe4 13. Bxe4 Bh3 14. Rfe1 Nf6 15. Bg2 Bxg2 16. Kxg2 Qc7 17. Nf3 Rad8 18.
a4 e6 19. Rad1 Rfe8 20. Bc3 b6 21. Qb2 Nd7 22. Qc1 Qb7 23. Qc2 Qc7 24. Bd2 c5 25. Bg5 Nf6 26. d5 exd5 27. Rxe8+ Rxe8 28.
Bxf6 Bxf6 29. Rxd5 Kg7 30. Qd3 Re7 31. Rd6 Be5 32. Rd5 Bf6 33. h4 h5 34. Rd6 Be5 35. Rd8 Bf6 36. Qd5 Qb7 37.
Qxb7 Rxb7 38. Rd5 Kf8 39. Nd2 Ke8 40. Ne4 Be7 41. Kf3 Rc7 42. Nc3 Rc6 43. Re5 Kd7 44. Nd5 Bd8 45. Re4 Rd6 46.
Ke2 Rc6 47. Re3 Rd6 48. Nc3 Rc6 49. Rd3+ Ke7 50. Nb5 a6 51. Nc3 Ke8 52. Nd5 Rd6 53. Kf3 Rc6 54. Rd2 Rd6 55. Rd1 Rc6 56.
Rd3 Rd6 57. Kf4 Rc6 58. f3 Rd6 59. Rd1 Re6 60. Rd3 Rc6 61. Re3+ Kd7 62. Re2 Rd6 63. g4 Re6 64. Rd2 Ke8 65.
g5 Rc6 66. Rd3 Re6 67. Rd1 Kf8 68. Kg3 Ke8 69. Kf2 Rc6 70. f4 f5 71. gxf6 Bxf6 72. Kg3 Bd8 73. f5 gxf5 74. Kf4 Rg6 75. Rd3 Rg4+ 76. Kxf5 Rxh4 77. Rg3 Rg4 78. Rxg4 hxg4 79. Kxg4 Kd7 80.
Kf5 Kd6 81. Nc3 Bh4 82. Nd5 Bd8 83. Ke4 Ke6 84. Kf4 b5 85. Ke4 bxa4 86. bxa4 Ba5 87. Nf4+ Kd6 88. Kf5 Bc3 89. Nd5 Bd4 90.
Nf6 Kc6 91. Nd5 Kd6 92. Ke4 Bh8 93. Kf5 Bd4 94. Kg6 Ke5 95. Kf7 Bb2 96. Nc7 Kd4 97. Nxa6 Kxc4 98. Ke6 Ba3 99. Nxc5 Bxc5 100. Kd5+ Kd4+ 1/2-1/2

[Event "Elitserien 2019/2020, round 7-9"]
[Site "Elite stadshotellet, Kungsgatan 6, Vaxjo, Sweden"]
[Date "2020.10.17"]
[Round "2.12"]
[White "Lokander, Martin"]
[Black "Kenneskog, Theodor"]
[Result "1-0"]
[TimeControl "90 minutes for 40 moves + 30 minutes for the rest of the game + 30 seconds per move from move one."]
[WhiteTitle "IM"]
[BlackTitle "FM"]
[WhiteFideId "1709569"]
[BlackFideId "1715011"]
[WhiteElo "2399"]
[BlackElo "2302"]

1. d4 Nf6 2. c4 e6 3. Nf3 d5 4. Nc3 dxc4 5. e4 Bb4 6. Bxc4 Nxe4 7. O-O Nxc3 8. bxc3 Be7 9. Ne5 O-O 10.
Qg4 Nc6 11. Re1 f5 12. Qf3 Nxe5 13. Rxe5 Bd6 14. Re2 Qf6 15. Bf4 Bxf4 16. Qxf4 c5 17. Rae1 cxd4 18. cxd4 Kh8 19. Bxe6 Re8 20.
d5 Bxe6 21. dxe6 Re7 22. Re5 Rf8 23. h4 h6 24. h5 Qg5 25. Qf3 Kh7 26. Qa3 b6 27. R1e3 Rd8 28. Re1 Rde8 29. Qf3 Qg4 30.
Qxg4 fxg4 31. R5e4 g6 32. hxg6+ Kxg6 33. Rxg4+ Kf5 34. Ra4 a5 35. g4+ Kf6 36. Rf4+ Kg6 37. Rfe4 Kf6 38. Rb1 Rxe6 39.
Rxe6+ Rxe6 40. Kg2 Kg7 41. f4 Re2+ 42. Kf3 Rxa2 43. Rxb6 a4 44. Ke4 a3 45. Ra6 Rg2 46. Kf3 Ra2 47.
Ra8 Ra1 48. Ke4 a2 49. Kf5 Kf7 50. Ra7+ Kf8 51. Kf6 Ke8 52. Ra8+ Kd7 53. f5 Kd6 54. Ra5 Kd7 55. Kf7 h5 56.
g5 Rf1 57. Rxa2 Rxf5 58. Kg6 Rc5 59. Kxh5 Ke7 60. Rf2 Rc1 61. Kh6 Rg1 62. g6 Ke6 63. Kg7 Rg3 64. Kh7 Ke7 65. g7 Rh3 66.
Kg8 Rh1 67. Re2+ Kd7 68. Re4 1-0

[Event "Elitserien 2019/2020, round 7-9"]
[Site "Elite stadshotellet, Kungsgatan 6, Vaxjo, Sweden"]
[Date "2020.10.17"]
[Round "2.13"]
[White "Bator, Robert"]
[Black "Arman, Deniz"]
[Result "0-1"]
[TimeControl "90 minutes for 40 moves + 30 minutes for the rest of the game + 30 seconds per move from move one."]
[WhiteTitle "IM"]
[BlackTitle "FM"]
[WhiteFideId "1700405"]
[BlackFideId "6302106"]
[WhiteElo "2365"]
[BlackElo "2318"]

1. Nf3 c5 2. c4 Nc6 3. Nc3 e5 4. e3 Nf6 5. d4 cxd4 6. exd4 e4 7. Ne5 Bb4 8. a3 Bxc3+ 9. bxc3 Qa5 10.
Nxc6 dxc6 11. Qb3 O-O 12. Be2 Qf5 13. h3 Qg6 14. g3 b5 15. cxb5 Be6 16. c4 cxb5 17. Qxb5 e3 18. O-O Bxh3 19.
Kh2 Bxf1 20. Bxf1 Ng4+ 21. Kg2 Qe4+ 0-1

[Event "Elitserien 2019/2020, round 7-9"]
[Site "Elite stadshotellet, Kungsgatan 6, Vaxjo, Sweden"]
[Date "2020.10.17"]
[Round "2.14"]
[White "Ertan, Can"]
[Black "Tuomainen, Felix"]
[Result "1/2-1/2"]
[TimeControl "90 minutes for 40 moves + 30 minutes for the rest of the game + 30 seconds per move from move one."]
[WhiteTitle "IM"]
[BlackTitle "FM"]
[WhiteFideId "6306330"]
[BlackFideId "1720813"]
[WhiteElo "2387"]
[BlackElo "2208"]

1. e4 e6 2. d4 d5 3. Nc3 dxe4 4. Nxe4 Nd7 5. Nf3 Ngf6 6. Nxf6+ Nxf6 7. Bd3 c5 8. O-O cxd4 9. Nxd4 Bc5 10.
Be3 Bxd4 11. Bxd4 O-O 12. Re1 g6 13. c3 Nd5 14. Qf3 f6 15. Be4 Qd7 16. Rad1 Qf7 17. Bc5 Ne7 18. Bc2 Re8 19.
b4 Nc6 20. b5 Ne5 21. Qe4 a6 22. a4 axb5 23. axb5 Ra5 24. Bb4 Ra2 25. h3 b6 26. Re2 Bb7 27. Qd4 Bf3 28. Qe3 Bxe2 29.
Qxe2 Qc7 30. f4 Nc4 31. Qe4 Rxc2 32. Qxc2 Ne3 33. Qe2 Nxd1 34. Qxd1 Qxf4 35. Qd7 Qe3+ 36. Kh2 Qe5+ 37. Kh1 Ra8 38.
Ba3 Qe1+ 39. Kh2 Qe5+ 40. Kh1 Qd5 41. Qe7 e5 42. Bb4 e4 43. Qxf6 e3 44. Qe7 Qf7 45. Qxe3 Ra1+ 46. Kh2 Qc7+ 47.
g3 Qf7 48. c4 Ra2+ 49. Kg1 h5 50. Qxb6 Ra1+ 51. Kh2 Ra2+ 52. Kg1 Ra1+ 53. Kh2 Ra2+ 1/2-1/2

[Event "Elitserien 2019/2020, round 7-9"]
[Site "Elite stadshotellet, Kungsgatan 6, Vaxjo, Sweden"]
[Date "2020.10.17"]
[Round "2.15"]
[White "Crevatin, Leo"]
[Black "Olund, Joar"]
[Result "1/2-1/2"]
[TimeControl "90 minutes for 40 moves + 30 minutes for the rest of the game + 30 seconds per move from move one."]
[WhiteTitle "CM"]
[BlackTitle "FM"]
[WhiteFideId "1726307"]
[BlackFideId "1714848"]
[WhiteElo "2247"]
[BlackElo "2322"]

1. d4 d5 2. c4 dxc4 3. e4 Nf6 4. e5 Nd5 5. Bxc4 Nb6 6. Bd3 Nc6 7. Ne2 Nb4 8. Be4 N4d5 9. O-O Be6 10.
Nd2 Qc8 11. Nb3 Bf5 12. Bxf5 Qxf5 13. Nc5 e6 14. Ng3 Qg6 15. Nxb7 Bb4 16. Bd2 Bxd2 17. Qxd2 O-O 18. Rac1 Rfc8 19.
Na5 Ne7 20. Nc6 Nbd5 21. Nxe7+ Nxe7 22. Rc5 c6 23. Qc2 Qxc2
24. Rxc2 Rd8 25. Ne2 Rd5 26.
Rfc1 Rad8 27. g4 h5 28. gxh5 Kh7 29. Rc3 Nf5 30. Rxc6 Nxd4 31. Nxd4 Rxd4 32. Rc7 Rf4 33. R1c2 a6 34.
R7c4 Rf5 35. f4 Rxh5 36. Ra4 g5 37. f5 exf5 38. Rf2 f4 39. Rxa6 Rd5 40. e6 fxe6 41. Rxe6 Rd1+ 42. Kg2 g4 43.
Rxf4 Rd2+ 44. Rf2 Rxh2+ 45. Kxh2 Rxf2+ 46. Kg3 Rxb2 47. a4 Rb3+ 48. Kxg4 Rb4+ 49. Kf5 Rxa4 50. Re4 Rxe4 51. Kxe4 1/2-1/2

[Event "Elitserien 2019/2020, round 7-9"]
[Site "Elite stadshotellet, Kungsgatan 6, Vaxjo, Sweden"]
[Date "2020.10.17"]
[Round "2.16"]
[White "Thorn, Eric"]
[Black "Trost, Edvin"]
[Result "1-0"]
[TimeControl "90 minutes for 40 moves + 30 minutes for the rest of the game + 30 seconds per move from move one."]
[WhiteTitle "FM"]
[BlackTitle "CM"]
[WhiteFideId "1710729"]
[BlackFideId "1729519"]
[WhiteElo "2262"]
[BlackElo "2111"]

1. d4 Nf6 2. c4 e6 3. Nf3 d5 4. Nc3 c5 5. cxd5 Nxd5 6. e4 Nxc3 7. bxc3 cxd4 8. cxd4 Bb4+ 9. Bd2 Bxd2+ 10. Qxd2 O-O 11. Bd3 b6 12. O-O Bb7 13. Rfc1 Nd7 14. a4 a5 15. Qe3 Rc8 16. e5 Bxf3 17. Qxf3 Qg5 18. Rd1 Nb8 19.
Qe4 g6 20. h4 Qe7 21. Bb5 Rfd8 22. Rac1 Kg7 23. g3 h5 24. Qf4 Kh7 25. Qf6 Rc7 26. Rxc7 Qxc7 27. g4 Rf8 28. gxh5 Qc2 29. Qf3 Qf5 30. hxg6+ Qxg6+ 31. Kf1 Kh8 32. Qf6+ Qxf6 33. exf6 Rd8 34. Rc1 Nd7 35. Rc7 Nxf6 36. Rxf7 Nd5 37. Rb7 Rc8 38. Bd7 Rc1+ 39. Kg2 Rc4 40. Kg3 Rxd4 41. Bxe6 Nf6 42. Rxb6 Rxa4 43. Bf5 Kg7 44.
Rb7+ Kf8 45. f3 Nh5+ 46. Kh3 Nf4+ 47. Kg4 Ne6+ 48. Kg3 Nd8 49. Ra7 Rb4 50. Rxa5 Rb7 51. h5 Kg7 52.
Ra6 Nf7 53. Rg6+ Kh8 54. h6 Rb5 55. Rf6 Rb7 56. Re6 Rb8 57. Kh4 Rg8 58. f4 Rd8 59. Kh5 Rg8 60. Re7 Rf8 61. Kg6 Nd8 62.
Be4 Nf7 63. Bd5 Ne5+ 64. Rxe5 Rd8 65. Bf7 Rd6+ 66. Kg5 Kh7 67. Bh5 Kg8 68. Bg6 Rd8 69. Re8+ Rxe8 70. Bxe8 Kh7 71. Bg6+ Kg8 72.
Kf6 Kh8 73. Ke7 Kg8 74. f5 1-0

[Event "Elitserien 2019/2020, round 7-9"]
[Site "Elite stadshotellet, Kungsgatan 6, Vaxjo, Sweden"]
[Date "2020.10.18"]
[Round "3.1"]
[White "Hillarp Persson, Tiger"]
[Black "Blomqvist, Erik"]
[Result "1/2-1/2"]
[TimeControl "90 minutes for 40 moves + 30 minutes for the rest of the game + 30 seconds per move from move one."]
[WhiteTitle "GM"]
[BlackTitle "GM"]
[WhiteFideId "1700812"]
[BlackFideId "1709437"]
[WhiteElo "2546"]
[BlackElo "2539"]

1. c4 e5 2. g3 d5 3. cxd5 Qxd5 4. Nf3 Nc6 5. Nc3 Qd8 6. Bg2 Nf6 7. O-O h6 8. a3 a5 9. e3 Bd6 10.
d4 O-O 11. h3 Re8 12. d5 Na7 13. e4 Bd7 14. Re1 b5 15. Be3 Qe7 16. Nd2 Bc5 17. Bxc5 Qxc5 18. Rc1 Qb6 19. b4 axb4 20.
axb4 Qd4 21. Ne2 Qxb4 22. Rxc7 Nc8 23. Nc1 Ra3 24. Qc2 Nd6 25. Nd3 Qa5 26. Rc1 Ra2 27. Nb3 Qa3 28. Qb1 b4 29.
Nbc5 Nb5 30. Nxd7 Nxc7 31. N7xe5 Nb5 32. Qxb4 Qxb4 33. Nxb4 Ra4 34. Ned3 Nxe4 35. Bxe4 Rxe4 36. Rc8+ Kh7 37.
Rb8 Raxb4 38. Nxb4 Rxb4 39. d6 Rd4 40. Rxb5 1/2-1/2

[Event "Elitserien 2019/2020, round 7-9"]
[Site "Elite stadshotellet, Kungsgatan 6, Vaxjo, Sweden"]
[Date "2020.10.18"]
[Round "3.2"]
[White "Socko, Bartosz"]
[Black "Smith, Axel"]
[Result "1-0"]
[TimeControl "90 minutes for 40 moves + 30 minutes for the rest of the game + 30 seconds per move from move one."]
[WhiteTitle "GM"]
[BlackTitle "GM"]
[WhiteFideId "1107038"]
[BlackFideId "1707930"]
[WhiteElo "2619"]
[BlackElo "2469"]

1. d4 d5 2. c4 c5 3. dxc5 d4 4. a3 e5 5. Nf3 Nc6 6. e3 Bxc5 7. b4 Bb6 8. c5 Bc7 9. Bb2 dxe3 10.
Qxd8+ Nxd8 11. Nxe5 exf2+ 12. Kxf2 Ne7 13. Nd2 O-O 14. Bc4 Ndc6 15. Ndf3 Nxe5 16. Bxe5 Bxe5 17. Nxe5 Be6 18. Rhe1 Nc6 19.
Nxc6 bxc6 20. Ba6 Rad8 21. Rad1 Bb3 22. Rxd8 Rxd8 23. Re7 Kf8 24. Rxa7 Rd2+ 25. Ke3 Rxg2 26. Bb7 Rxh2 27. Bxc6 Rh5 28.
Bf3 Rh3 29. Kf2 Rh2+ 30. Kg1 1-0

[Event "Elitserien 2019/2020, round 7-9"]
[Site "Elite stadshotellet, Kungsgatan 6, Vaxjo, Sweden"]
[Date "2020.10.18"]
[Round "3.3"]
[White "Cuenca Jimenez, Jose Fernando"]
[Black "Barkhagen, Jonas"]
[Result "1/2-1/2"]
[TimeControl "90 minutes for 40 moves + 30 minutes for the rest of the game + 30 seconds per move from move one."]
[WhiteTitle "GM"]
[BlackTitle "IM"]
[WhiteFideId "2255570"]
[BlackFideId "1700855"]
[WhiteElo "2538"]
[BlackElo "2430"]

1. c4 e5 2. Nc3 Nf6 3. Nf3 Nc6 4. e4 d6 5. d4 Bg4 6. d5 Nd4 7. Be2 Bxf3 8. Bxf3 c5 9. dxc6 bxc6 10.
Be3 c5 11. Qa4+ Qd7 12. Bd1 Be7 13. Qxd7+ Kxd7 14. Ba4+ Kc8 15. O-O-O Ng4 16. Rdf1 Rf8 17. Bd2 Bd8 18. Nb5 Be7 19.
f3 Nf6 20. Nxd4 exd4 21. Bc2 Re8 22. f4 Ng4 23. Rf3 Ne3 24. Bxe3 dxe3 25. Ba4 Rd8 26. Rxe3 Bf6 27. Re2 Bd4 28.
e5 dxe5 29. fxe5 Rb8 30. b3 Rb7 31. Kc2 Re7 32. Rhe1 Kc7 33. Re4 Bf2 34. R1e2 Rd4 35. a3 a5 36. Bb5 Rxe4 37. Rxe4 1/2-1/2

[Event "Elitserien 2019/2020, round 7-9"]
[Site "Elite stadshotellet, Kungsgatan 6, Vaxjo, Sweden"]
[Date "2020.10.18"]
[Round "3.4"]
[White "Kenneskog, Theodor"]
[Black "Mauritsson, Sebastian"]
[Result "0-1"]
[TimeControl "90 minutes for 40 moves + 30 minutes for the rest of the game + 30 seconds per move from move one."]
[WhiteTitle "FM"]
[BlackTitle "FM"]
[WhiteFideId "1715011"]
[BlackFideId "1707892"]
[WhiteElo "2302"]
[BlackElo "2362"]

1. d4 d5 2. c4 c6 3. Nf3 Nf6 4. e3 Bg4 5. Nc3 e6 6. h3 Bh5 7. g4 Bg6 8. Ne5 Nbd7 9. Nxg6 hxg6 10.
Bd2 Bb4 11. cxd5 Nxd5 12. Bd3 Qe7 13. a3 Bd6 14. Qf3 g5 15. Rc1 Kf8 16. O-O Re8 17. Ne4 Bb8 18. b4 Kg8 19. b5 cxb5 20.
Bxb5 Rd8 21. a4 Nf8 22. Rc2 Ng6 23. Rfc1 Nh4 24. Qh1 f5 25. gxf5 exf5 26. Nc3 Nxc3 27. Rxc3 g4 28. Bc4+ Kf8 29.
hxg4 fxg4 30. Kf1 g6 31. Be2 g3 32. Bf3 Kg7 33. Rb3 b6 34. e4 Nxf3 35. Qxf3 Rdf8 36. Qc3 Rh1+ 37. Ke2 Qxe4+ 0-1

[Event "Elitserien 2019/2020, round 7-9"]
[Site "Elite stadshotellet, Kungsgatan 6, Vaxjo, Sweden"]
[Date "2020.10.18"]
[Round "3.5"]
[White "Kucuksari, Kaan"]
[Black "Bator, Robert"]
[Result "0-1"]
[TimeControl "90 minutes for 40 moves + 30 minutes for the rest of the game + 30 seconds per move from move one."]
[WhiteTitle "FM"]
[BlackTitle "IM"]
[WhiteFideId "6380166"]
[BlackFideId "1700405"]
[WhiteElo "2308"]
[BlackElo "2365"]

1. d4 d5 2. Nf3 Nf6 3. c4 c6 4. Qc2 dxc4 5. Qxc4 Bf5 6. g3 e6 7. Bg2 Be7 8. O-O O-O 9. Rd1 Nbd7 10.
Nc3 Bc2 11. a4 Nb6 12. Qa2 Bxd1 13. Nxd1 a5 14. b3 Nbd5 15. Bb2 b5 16. Rc1 Qb6 17. Ne5 Rfc8 18. Qa1 Rab8 19. e4 Nb4 20. Ne3 Bd6 21. Rd1 Bxe5 22.
dxe5 Ne8 23. Bf1 Rd8 24. Bd4 c5 25. Bc3 Rxd1 26. Qxd1 Rd8 27. Qa1 Nc7 28. h4 h6 29. h5 Ra8 30.
Ng4 Qc6 31. Qe1 bxa4 32. bxa4 Qxa4 33. Qe3 Qd1 34. Nxh6+ gxh6 35. Qxh6 Qg4 36. Bd2 Qg7 37. Qf4 a4 38. Qh4 a3 39.
Bg5 Ne8 40. Bf6 Nxf6 41. exf6 Qh6 0-1